 Dungeon Sprint DCSS version 0.24-a0-584-g9d6b971 (webtiles) character file.

Game seed: 8792845358216880608, levelgen mode: deterministic

288 BRANGAR the Spear-Bearer (level 6, -1/57 HPs)
             Began as a Minotaur Gladiator on Sept 6, 2019.
             Slain by a yak (10 damage)
             ... in the Dungeon (Sprint I: "Red Sonja").
             The game lasted 00:01:58 (350 turns).

BRANGAR the Spear-Bearer (Minotaur Gladiator)        Turns: 350, Time: 00:01:58

Health: -1/57      AC:  3    Str: 20    XL:     6   Next: 9%
Magic:  5/5        EV: 16    Int:  5    God:
Gold:   108        SH:  0    Dex: 12    Spells: 5/5 levels left

rFire    . . .     SeeInvis .   d - +0 scythe (vamp)
rCold    . . .     Gourm    .   (shield currently unavailable)
rNeg     . . .     Faith    .   b - +0 leather armour
rPois    .         Spirit   .   c - +0 hat
rElec    .         Reflect  .   (no cloak)
rCorr    .         Harm     .   (no gloves)
MR       .....     NoTele   +   (no boots)
Stlth    +.........             (no amulet)
HPRegen  0.19/turn              (no ring)
MPRegen  0.09/turn              (no ring)

@: no status effects
A: retaliatory headbutt, horns 2
a: no special abilities


You were in the Dungeon.
You were not hungry.

You visited 1 branch You collected 108 gold pieces.

Inventory:

Hand Weapons
 a - a +0 trident
 d - a +0 vampiric scythe (weapon)
Missiles
 m - a throwing net (quivered)
Armour
 b - a +0 leather armour (worn)
 c - a +0 hat (worn)
Wands
 l - a wand of digging (6)
Scrolls
 k - a scroll of blinking
Potions
 e - a potion of curing
 g - a potion of heal wounds
 h - a potion of haste
 i - 2 potions of magic
 j - a potion of berserk rage
Comestibles
 f - a ration


   Skills:
 + Level 5.8 Fighting
 + Level 9.8 Polearms
 + Level 4.4 Throwing
 + Level 3.2 Armour
 + Level 9.0 Dodging


You had 5 spell levels left.
You didn't know any spells.
Your spell library was empty.

Dungeon Overview and Level Annotations

Branches:
Dungeon (1/1)

Altars:
Cheibriados
Dithmenos
Elyvilon
Fedhas
Hepliaklqana
Kikubaaqudgha
Okawaru
Qazlal
Ru
Sif Muna
Trog
Uskayaw
Vehumet
Wu Jian
Yredelemnul
Zin
The Shining One

Shops:
D [


Innate Abilities, Weirdness & Mutations

You reflexively headbutt those who attack you in melee.
You have a pair of horns on your head.


Message History

The yak is almost dead.
The yak barely misses you.
You barely miss the yak. Your headbutt misses the yak.
The yak is almost dead.
The yak gores you. The yak gores you!
You are too injured to fight recklessly!
You are too injured to fight recklessly!
You are too injured to fight recklessly!
You are too injured to fight recklessly!
You barely miss the yak. Your headbutt misses the yak.
The yak is almost dead.
The yak gores you!
* * * LOW HITPOINT WARNING * * *
Throwing (i - inventory)
m - 2 throwing nets (quivered)
Press: ? - help, Shift-Dir - straight line, f - yak
Aim: a yak (almost dead)
You throw a throwing net.
The throwing net completely misses the yak.
The yak gores you!
You die...

################
#<.#..').#..'..#
#..)..#..'[.#..+
#..#####+#####'#
#..# #?#
#..#__## ##!#
#..#_____##+#_.+
#⌠⌠#_.∩...Y..._#
####_..__##@.#+#
___ ##+# #


You could see a yak.

Vanquished Creatures
  Sigmund (D)
  An ogre (D)
  A jelly (D)
  Ijyb (D)
4 creatures vanquished.

Notes
Turn   | Place    | Note
-------+----------+-------------------------------------------
     0 | D        | BRANGAR the Minotaur Gladiator began the quest for the Orb.
     0 | D        | Reached XP level 1. HP: 18/18 MP: 0/0
     2 | D        | Noticed Ijyb
    11 | D        | Killed Ijyb
    11 | D        | Reached skill level 5 in Polearms
    11 | D        | Reached skill level 5 in Dodging
    11 | D        | Reached XP level 2. HP: 18/26 MP: 1/1
   112 | D        | Noticed an ogre
   116 | D        | Killed an ogre
   116 | D        | Reached skill level 1 in Armour
   116 | D        | Reached XP level 3. HP: 34/34 MP: 2/2
   116 | D        | Reached XP level 4. HP: 41/41 MP: 3/3
   221 | D        | Noticed Sigmund
   230 | D        | Killed Sigmund
   230 | D        | Reached skill level 5 in Fighting
   230 | D        | Reached XP level 5. HP: 36/50 MP: 4/4
   333 | D        | Found an ornate altar of the Wu Jian Council.
   333 | D        | Found a shimmering blue altar of Sif Muna.
   335 | D        | Found a radiant altar of Vehumet.
   342 | D        | Found Giociarch's Armour Emporium.
   342 | D        | Found an ancient bone altar of Kikubaaqudgha.
   342 | D        | Found a hazy altar of Hepliaklqana.
   342 | D        | Found a stormy altar of Qazlal.
   342 | D        | Found a hide-covered altar of Uskayaw.
   342 | D        | Found a blossoming altar of Fedhas.
   342 | D        | Found a bloodstained altar of Trog.
   342 | D        | Found an iron altar of Okawaru.
   342 | D        | Found a basalt altar of Yredelemnul.
   342 | D        | Found a glowing golden altar of the Shining One.
   342 | D        | Found a snail-covered altar of Cheibriados.
   342 | D        | Found a sacrificial altar of Ru.
   342 | D        | Found a glowing silver altar of Zin.
   342 | D        | Found a shadowy altar of Dithmenos.
   342 | D        | Found a white marble altar of Elyvilon.
   342 | D        | Noticed a yak
   344 | D        | Reached XP level 6. HP: 45/57 MP: 5/5
   350 | D        | Slain by a yak

Levels and vault maps discovered:
D:        dungeon_sprint_1 [red_sonja_temple_1, red_sonja_temple_small_1]

Skill      XL: |  1  2  3  4  5 |
---------------+----------------+-----
Fighting       | 3 4 5 |  5.8
Polearms       | 5 7 9 |  9.8
Dodging        | 5 6 8 9 |  9.0
Throwing       | 3 4 |  4.4
Armour         | 1 3 |  3.2

Action                   |  1- 3 |  4- 6 || total
-------------------------+-------+-------++-------
Melee: Trident           |    12 |     7 ||    19
       Headbutt          |     2 |     1 ||     3
       Scythe            |       |     6 ||     6
Throw: Throwing net      |     1 |     3 ||     4
Armor: Leather armour    |     1 |       ||     1
Dodge: Dodged            |     2 |    12 ||    14

Table legend:
 A = Non-vault XP
 B = Vault XP
 C = Vault XP percentage of total XP
 D = Non-vault monster count
 E = Vault monster count
 F = Vault count percentage of total count
                 A         B        C        D         E       F
            +---------+---------+-------+---------+---------+-------
      Total |       0 |     412 | 100.0 |       0 |       4 | 100.0
            +---------+---------+-------+---------+---------+-------
          D |       0 |     412 | 100.0 |       0 |       4 | 100.0
            +---------+---------+-------+---------+---------+-------
